 Dungeon Crawl Stone Soup version 0.31-a0-703-gcfe89afef6 (webtiles) character file.

Game seed: 98471267364186020

55 demibob the Chopper (level 3, -2/27 HPs)
             Began as a Hill Orc Chaos Knight on Sept 9, 2023.
             Was a Plaything of Xom.
             Slain by Terence
             ... wielding a +2 hand axe of holy wrath
              (16 damage)
             ... on level 2 of the Dungeon.
             The game lasted 00:01:34 (1154 turns).

demibob the Chopper (Hill Orc Chaos Knight)         Turns: 1154, Time: 00:01:34

Health: -2/27      AC:  5    Str: 16    XL:     3   Next: 93%
Magic:  3/3        EV: 11    Int: 12    God:    Xom [..*...]
Gold:   51         SH:  0    Dex: 10    Spells: 2/2 levels left

rFire   . . .        a - +0 hand axe (chaos)
rCold   . . .        (no shield)
rNeg    . . .        b - +2 leather armour
rPois   +            (no helmet)
rElec   .            (no cloak)
rCorr   .            (no gloves)
SInv    +            (no boots)
Will    .....        (no amulet)
Stlth   +            (no ring)
HPRegen 0.24/turn    (no ring)
MPRegen 0.08/turn

%: no passive effects
@: no status effects
A: see invisible, frail 1, poison resistance
a: Renounce Religion


You were on level 2 of the Dungeon.
You worshipped Xom.
You were a toy of Xom.
You visited 1 branch of the dungeon, and saw 2 of its levels.

You collected 51 gold pieces.


Innate Abilities, Weirdness & Mutations

You have supernaturally acute eyesight. (SInv)
You are frail. (-10% HP)
Your system is resistant to poisons. (rPois)


   Skills:
 - Level 3.6 Fighting
 + Level 6.2 Axes
 - Level 2.1 Armour
 - Level 0.7 Dodging


You had 2 spell levels left.
You didn't know any spells.
Your spell library contained the following spells:

 Spells                   Type           Power      Damage    Failure   Level
 Frozen Ramparts          Ice            0%         1d1       77%         3
 Petrify                  Tmut/Erth      0%         N/A       99%         4
 Metabolic Englaciation   Hex/Ice        0%         N/A       100%        5

Inventory:

Hand Weapons
 a - a +0 hand axe of chaos (weapon)
Armour
 b - a +2 leather armour (worn)
 c - a +0 helmet

Dungeon Overview and Level Annotations

Branches:
Dungeon (2/15)

Altars:
Yredelemnul

Annotations:
D:2 1 runed translucent door, Crazy Yiuf, Terence

....# #.# #....## (....
#.# #....## ###... #.#
#...... .....# #.#
#......
#....##.#######....#.
###.....#..............
.......§......###....##
#.#.#@§..####........
#...@........†.....##
#?..###.###..#####.#
#... .......># #.#
#...###.###### #.# #...
#.# #.# .... #.# #.#
...=. ..# #.# ###... ##
)..


You could see Terence (berserk).


Message History

You hit Terence. You burn Terence.
Terence is severely wounded.
Terence barely misses you. x2
Unknown command.
You barely miss Terence.
Terence is severely wounded.
Terence barely misses you.
Unknown command.
You hit Terence but do no damage.
Terence is severely wounded.
Terence hits you with a +2 hand axe of holy wrath. x2
* * * LOW HITPOINT WARNING * * *
Unknown command.
You are too injured to fight recklessly!
Unknown command.
You hit Terence.
Terence is almost dead.
Terence blinks!
Terence rages.
Found a tubular moonstone ring.
You hit Terence but do no damage.
Terence is almost dead.
Terence closely misses you.
You hit Terence.
Terence is almost dead.
Terence misses you.
Terence hits you with a +2 hand axe of holy wrath!
Ouch! That really hurt!
You die... "I guess I need a new plaything now."

Skill      XL: |  1  2  3 |
---------------+----------+-----
Axes           | 5 6 |  6.2
Fighting       | |  3.6
Armour         | |  2.1
Dodging        | |  0.7

Action                     || total
---------------------------++-------
  Melee: Hand axe          ||    94
         Punch             ||     1
    Use: Scroll            ||     3
         Potion            ||     2
   Stab: Paralysed         ||     1
 Armour: Leather armour    ||    69
  Dodge: Dodged            ||    61

Levels and vault maps discovered:
D:1:      elethiomel_arrival_maze, layout_basic
D:2:      layout_basic, basic_altar, uniq_robin, uniq_terence,
          uniq_crazy_yiuf_cottage

Notes
Turn   | Place    | Note
-------+----------+-------------------------------------------
     0 | D:1      | demibob the Hill Orc Chaos Knight began the quest for the
                  | Orb.
     0 | D:1      | Reached XP level 1. HP: 19/19 MP: 1/1
   166 | D:1      | Reached XP level 2. HP: 22/26 MP: 2/2
   281 | D:1      | Reached skill level 5 in Axes
   364 | D:1      | XOM: silly message
   455 | D:1      | XOM: divination: detect items
   564 | D:1      | XOM: silly message
   870 | D:1      | XOM: silly message
   910 | D:2      | Found a basalt altar of Yredelemnul.
   913 | D:2      | Reached XP level 3. HP: 31/31 MP: 3/3
   915 | D:2      | Noticed Robin
   916 | D:2      | Gained mutation: Your mind is acute. (Int +4, Str/Dex -1)
                  | [potion of mutation]
   921 | D:2      | Lost mutation: Your mind is acute. (Int +4, Str/Dex -1)
                  | [potion of mutation]
   921 | D:2      | Gained mutation: You have supernaturally acute eyesight.
                  | (SInv) [potion of mutation]
   921 | D:2      | Gained mutation: You are frail. (-10% HP) [potion of
                  | mutation]
   921 | D:2      | Gained mutation: Your system is resistant to poisons.
                  | (rPois) [potion of mutation]
   931 | D:2      | XOM: smoke on damage
   939 | D:2      | Killed Robin
   940 | D:2      | Reached skill level 6 in Axes
  1075 | D:2      | Found a runed translucent door.
  1076 | D:2      | Noticed Crazy Yiuf
  1135 | D:2      | Noticed Terence
  1145 | D:2      | XOM: smoke on damage
  1147 | D:2      | XOM: noise
  1154 | D:2      | Slain by Terence

Vanquished Creatures
  Robin (D:2)
  A dart slug (D:2)
  2 bats (D:1)
  An endoplasm (D:1)
  A giant cockroach (D:1)
  11 goblins
  7 hobgoblins
  5 kobolds
  A quokka (D:1)
  4 ball pythons
  A frilled lizard (D:1)
35 creatures vanquished.

Table legend: (Time is in decaauts)
 A = Elapsed time spent in this place.
 B = Non-inter-level travel time spent in this place.
 C = Inter-level travel time spent in this place.
 D = Time resting spent in this place.
 E = Time spent auto-exploring this place.
 F = Levels seen in this place.
 G = Mean time per level.
                   A        B        C        D        E       F      G
               +--------+--------+--------+--------+--------+-----+--------+
         Total |   1158 |   1127 |     31 |     91 |    843 |   2 |  579.0 |
       Dungeon |   1158 |   1127 |     31 |     91 |    843 |   2 |  579.0 |
               +--------+--------+--------+--------+--------+-----+--------+

Top non-repeatable levels by time:
     D:1: 903 daAuts
     D:2: 254 daAuts

Table legend:
 A = Non-vault XP
 B = Vault XP
 C = Vault XP percentage of total XP
 D = Non-vault monster count
 E = Vault monster count
 F = Vault count percentage of total count
                 A         B        C        D         E       F
            +---------+---------+-------+---------+---------+-------
      Total |      41 |      38 |  48.1 |      23 |      12 |  34.3
            +---------+---------+-------+---------+---------+-------
        D:1 |      31 |       0 |   0.0 |      18 |       0 |   0.0
        D:2 |      10 |      38 |  79.2 |       5 |      12 |  70.6
            +---------+---------+-------+---------+---------+-------
